 Dungeon Crawl Stone Soup version 0.18.1-48-g4cf74bf (webtiles) character file.

139 Mesmaeker13 the Digger (level 5, -1/32 HPs)
             Began as an Octopode Earth Elementalist on July 10, 2016.
             Slain by a water moccasin skeleton (2 damage)
             ... on level 3 of the Dungeon.
             The game lasted 00:10:35 (3396 turns).

Mesmaeker13 the Digger (OpEE)                       Turns: 3396, Time: 00:10:36

Health: -1/32      AC:  1    Str:  9    XL:     5   Next: 22%
Magic:  8/8        EV: 13    Int: 17    God:
Gold:   69         SH:  0    Dex: 12    Spells: 2 memorised, 4 levels left

rFire  + . .     SeeInvis .     r - +3 quarterstaff (chaos)
rCold  . . .     Gourm    .     (shield currently unavailable)
rNeg   . . .     Faith    .     (helmet restricted)
rPois  .         Spirit   .     (no amulet)
rElec  .         Dismiss  .     h - ring of protection from fire
rCorr  .         Reflect  .     (no ring)
SustAt .         Harm     .     (no ring)
MR     .....                    (no ring)
Stlth  +++.......               (no ring)
                                (no ring)
                                (no ring)
                                (no ring)

@: not resistant to hostile enchantments, fairly stealthy
A: almost no armour, amphibious, 8 rings, constrict 8, camouflage 1, gelatinous
body 1
a: no special abilities


You were on level 3 of the Dungeon.
You were not hungry.

You visited 1 branch of the dungeon, and saw 3 of its levels.

You collected 69 gold pieces.

Inventory:

Hand Weapons
 r - a +3 quarterstaff of chaos (weapon)
Missiles
 a - 53 stones (quivered)
 k - 16 poisoned needles
Jewellery
 h - a ring of protection from fire (left tentacle)
Scrolls
 e - a scroll of remove curse
 g - 2 scrolls of recharging
 p - a scroll of immolation {unknown}
Potions
 j - a potion of mutation {unknown}
 l - 3 potions of magic
 n - 2 potions of curing {unknown}
 q - a potion of cure mutation {unknown}
Books
 b - a book of Geomancy

   Spells                             Type                      Level
   a - Sandblast                      Earth                        1
   b - Passwall                       Transmutation/Earth          2
   c - Stone Arrow                    Conjuration/Earth            3
   d - Petrify                        Transmutation/Earth          4
   e - Lee's Rapid Deconstruction     Earth                        5
Comestibles
 c - a bread ration
 d - 2 meat rations
 o - a beef jerky


   Skills:
 - Level 0.6 Fighting
 + Level 2.9 Dodging
 - Level 2.6 Stealth
 - Level 2.0 Spellcasting
 + Level 0.2 Conjurations
   Level 1.0 Transmutations
 + Level 5.1 Earth Magic


You had 4 spell levels left.
You knew the following spells:

 Your Spells              Type           Power        Failure   Level  Hunger
a - Sandblast             Erth           ###...       2%          1    #......
b - Stone Arrow           Conj/Erth      ##....       21%         3    ###....


Dungeon Overview and Level Annotations

Branches:
Dungeon (3/15)

Altars:
Fedhas

Annotations:
D:2 exclusion: oklob plant


Innate Abilities, Weirdness & Mutations

You cannot wear most types of armour.
You are amphibious.
You can wear up to eight rings at the same time.
You can use your tentacles to constrict eight enemies at once.
Your skin changes colour to match your surroundings (Stealth).
Your rubbery body absorbs attacks (AC +1).


Message History

You barely miss the water moccasin skeleton.
Your grab misses the water moccasin skeleton.
Your squeeze misses the water moccasin skeleton.
The water moccasin skeleton bites you!
You closely miss the water moccasin skeleton.
You grab the water moccasin skeleton.
You constrict the water moccasin skeleton.
The water moccasin skeleton bites you. The water moccasin skeleton bites you!
You thump the water moccasin skeleton! You burn the water moccasin skeleton.
You squeeze the water moccasin skeleton.
You constrict the water moccasin skeleton.
The water moccasin skeleton bites you.
* * * LOW HITPOINT WARNING * * *
The water moccasin skeleton bites you.
* * * LOW HITPOINT WARNING * * *
You release your grip on the water moccasin skeleton.
Drink which item? (? for menu, Esc to quit)
It was a potion of magic.
Magic courses through your body. The water moccasin skeleton bites you.
You die...

###..........##.<.###.....##..#
#..##..##)...#÷.........[....
#####..##................#.###...
............#..##..........#*...,
.........##.#....#..#......#..#,,
....###.....#..............#.#*,,
...####..##........#.........#*,,
†..............##..#........##*,,
................@Z.....#...## *,,
...######.##...............# *,,
(..# #.)................#***,,
...# ####................>#*,,
...# ##..........#...#..*,, ####
#..........#####...,,
#...........#**,,##**
#............,,,**
#........,,,,,****


You could see a water moccasin skeleton.

Vanquished Creatures
  Crazy Yiuf (D:2)
  Ijyb (D:3)
  2 adders (D:2)
  An ooze (D:1)
  A worm (D:2)
  A dart slug (D:1)
  6 giant geckos
  An orc (D:3)
  6 bats
  2 giant cockroaches
  6 hobgoblins
  4 jackals (D:2)
  A quokka (D:3)
  4 goblins
  9 kobolds
  9 rats
55 creatures vanquished.

Vanquished Creatures (others)
  17 toadstools (D:2)
17 creatures vanquished.

Grand Total: 72 creatures vanquished

Notes
Turn   | Place    | Note
--------------------------------------------------------------
     0 | D:1      | Mesmaeker13 the Octopode Earth Elementalist began the quest for the Orb.
     0 | D:1      | Reached XP level 1. HP: 11/11 MP: 3/3
   311 | D:1      | Reached XP level 2. HP: 8/17 MP: 0/5
  1025 | D:1      | Reached XP level 3. HP: 22/22 MP: 4/6
  1290 | D:2      | Reached skill level 4 in Earth Magic
  1749 | D:2      | Found a blossoming altar of Fedhas.
  1768 | D:2      | Noticed an oklob plant
  1993 | D:2      | Noticed Crazy Yiuf
  2020 | D:2      | Killed Crazy Yiuf
  2020 | D:2      | Reached XP level 4. HP: 10/27 MP: 1/7
  2040 | D:2      | Learned a level 3 spell: Stone Arrow
  3091 | D:3      | Reached skill level 5 in Earth Magic
  3117 | D:3      | Noticed Ijyb
  3137 | D:3      | Killed Ijyb
  3137 | D:3      | Reached XP level 5. HP: 25/32 MP: 4/8
  3394 | D:3      | HP: 1/32 [water moccasin skeleton (5)]
  3396 | D:3      | Slain by a water moccasin skeleton

Skill      XL: |  1  2  3  4 |
---------------+-------------+-----
Earth Magic    | 4 5 |  5.1
Fighting       | |  0.6
Dodging        | |  2.9
Stealth        | |  2.6
Spellcasting   | |  2.0
Conjurations   | |  0.2
Transmutations | |  1.0

Action                   |  1- 3 |  4- 6 || total
-------------------------+-------+-------++-------
Melee: Short sword       |    20 |       ||    20
       Tentacles         |     5 |     6 ||    11
       Constrict         |     5 |    11 ||    16
       Quarterstaff      |       |    41 ||    41
 Cast: Sandblast         |    50 |    10 ||    60
       Stone Arrow       |       |     2 ||     2
  Use: Scroll            |       |     5 ||     5
       Potion            |       |     1 ||     1
 Stab: Sleeping          |     1 |     2 ||     3
  Eat: Chunk             |     3 |     6 ||     9
Armor: Skin              |    10 |     1 ||    11
Dodge: Dodged            |    41 |    29 ||    70
